 Dungeon Crawl Stone Soup version 0.30.1-11-g7821555f0a (webtiles) character file.

Game seed: 1349120177439090789

83 Kallu the Chopper (level 4, -11/35 HPs)
             Began as a Demonspawn Fighter on Jan 3, 2024.
             Killed from afar by Ijyb (16 damage)
             ... with a bolt of light
             ... on level 3 of the Dungeon.
             The game lasted 00:02:20 (1707 turns).

Kallu the Chopper (Demonspawn Fighter)              Turns: 1707, Time: 00:02:20

Health: -11/35     AC:  5    Str: 18 (19) XL:     4   Next: 22%
Magic:  4/4        EV: 11    Int:  7 (9)  God:
Gold:   166        SH:  0    Dex:  9 (12) Spells: 3/3 levels left

rFire   . . .        a - +0 war axe
rCold   . . .        (no shield)
rNeg    . . .        o - +0 troll leather armour
rPois   .            (no helmet)
rElec   .            (no cloak)
rCorr   .            (no gloves)
SInv    .            (no boots)
Will    .....        (no amulet)
Stlth   +            f - ring of flight
HPRegen 1.05/turn    (no ring)
MPRegen 0.09/turn

%: no passive effects
@: mighty, flying
A: sharp scales 1, demonic magic 2
a: no special abilities


You were on level 3 of the Dungeon.
You visited 1 branch of the dungeon, and saw 3 of its levels.

You collected 166 gold pieces.

Inventory:

Hand Weapons
 a - a +0 war axe (weapon)
Armour
 o - a +0 troll leather armour (worn)
Jewellery
 f - a ring of flight (left hand)
Scrolls
 b - 2 scrolls of torment {unknown}
 h - 3 scrolls of enchant armour {unknown}
 i - a scroll of teleportation {unknown}
 l - a scroll of poison {unknown}
 m - a scroll of vulnerability {unknown}
Potions
 d - 2 potions of might
 e - a potion of brilliance {unknown}
 g - a potion of ambrosia {unknown}
 j - a potion of mutation {unknown}
 k - a potion of haste {unknown}
 n - a potion of heal wounds {unknown}


   Skills:
 - Level 3.0 Fighting
 * Level 4.1 Axes
 - Level 2.6 Armour
 - Level 2.6 Shields


You had 3 spell levels left.
You didn't know any spells.
Your spell library contained the following spells:

 Spells                   Type           Power      Damage    Failure   Level
 Sandblast                Erth           0%         2d4       50%         1
 Passwall                 Tmut/Erth      0%         N/A       63%         2
 Static Discharge         Conj/Air       0%         2-2/arc   63%         2
 Stone Arrow              Conj/Erth      0%         3d7       86%         3
 Airstrike                Air            0%         2d(0-16)  99%         4
 Summon Lightning Spire   Summ/Air       0%         N/A       99%         4


Dungeon Overview and Level Annotations

Branches:
Dungeon (3/15)

Altars:
Hepliaklqana

Shops:
D:1 (

Annotations:
D:3 Ijyb


Innate Abilities, Weirdness & Mutations

You are partially covered in razor-sharp scales. (AC +1, Slay +1)
Spells you cast may paralyse nearby enemies.


Message History

The endoplasm freezes you.
You are frozen.
You slash the endoplasm!
You kill the endoplasm!
Ijyb the Twisted Goblin comes into view.
She is wielding a +0 club and carrying a wand of light (8).
Ijyb shouts!
Ijyb is nearby!
Ijyb screams, "I dance on your bones!"
Ijyb zaps a wand.
The bolt of light hits you.
You hit Ijyb but do no damage. Ijyb hits you but does no damage.
You slash Ijyb! Your punch misses Ijyb.
Ijyb is heavily wounded.
Ijyb screams, "You nasty!
Big nasty!"
Ijyb zaps a wand.
The bolt of light hits you!
* * * LOW HITPOINT WARNING * * *
Ijyb hits you with a +0 club.
* * * LOW HITPOINT WARNING * * *
You feel very mighty all of a sudden.
Ijyb screams, "It's all mine!"
Ijyb hits you but does no damage.
You hit Ijyb.
Ijyb is heavily wounded.
Ijyb zaps a wand.
The bolt of light hits you!
You are confused.
* * * LOW HITPOINT WARNING * * *
Unknown command.
Ijyb barely misses you.
It was a potion of degeneration.
There was something very wrong with that liquid.
You feel weakened.
You feel dopey.
You feel clumsy.
You feel less confused. Ijyb hits you with a +0 club.
* * * LOW HITPOINT WARNING * * *
You miss Ijyb.
Ijyb is heavily wounded.
Ijyb closely misses you.
You hit Ijyb.
Ijyb is heavily wounded.
Ijyb hits you but does no damage.
Ijyb zaps a wand.
The bolt of light hits you!
You die...

...####.#...###.####...#.......
.#.####.........##...#.........
...#...............###.........
.#...##.......................>
#..###...........#..##.........
..####....)........###.#.......
####.........>..###....#.....
...#.#..............###
...#.#...##....g@.###
..........#.......#
#....####....^....# #.#..#
##......... ....## ##.......#.
.#### #########.. ## .. ###


You could see Ijyb.

Vanquished Creatures
  2 adders
  A dart slug (D:2)
  3 bats
  5 endoplasms
  2 giant cockroaches
  5 goblins
  6 hobgoblins
  8 jackals (D:1)
  7 kobolds
  3 quokkas
  6 ball pythons
  3 frilled lizards
  2 rats (D:1)
53 creatures vanquished.

Notes
Turn   | Place    | Note
-------+----------+-------------------------------------------
     0 | D:1      | Kallu the Demonspawn Fighter began the quest for the Orb.
     0 | D:1      | Reached XP level 1. HP: 18/18 MP: 1/1
    27 | D:1      | Reached skill level 2 in Axes
   103 | D:1      | Gained mutation: Spells you cast may paralyse adjacent
                  | enemies. [demonic ancestry]
   103 | D:1      | Reached XP level 2. HP: 20/24 MP: 2/2
   153 | D:1      | Found Qoigim's Antique Weapon Shoppe.
   286 | D:1      | Reached skill level 3 in Axes
   319 | D:1      | Gained mutation: You are partially covered in razor-sharp
                  | scales. (AC +1, Slay +1) [demonic ancestry]
   319 | D:1      | Reached XP level 3. HP: 20/29 MP: 3/3
   695 | D:2      | Identified the +0 ring mail of Philately {rC+ Slay+2}
  1024 | D:2      | Found a hazy altar of Hepliaklqana.
  1455 | D:3      | Reached skill level 4 in Axes
  1455 | D:3      | Gained mutation: Spells you cast may paralyse nearby
                  | enemies. [demonic ancestry]
  1455 | D:3      | Reached XP level 4. HP: 28/35 MP: 4/4
  1696 | D:3      | Noticed Ijyb
  1707 | D:3      | Killed from afar by Ijyb

Illustrated notes

Levels and vault maps discovered:
D:1:      wander_arrival_peaceful_grave, layout_basic, serial_shops,
          nicolae_shop_temple_entry_statues_fountains
D:2:      layout_basic, basic_altar, kennysheep_generic_room_7
D:3:      layout_rooms, minmay_tree_intersection, uniq_ijyb

Skill      XL: |  1  2  3 |
---------------+----------+-----
Axes           | 2 3 4 |  4.1
Fighting       | |  3.0
Armour         | |  2.6
Shields        | |  2.6

Action                     |  1- 3 |  4- 6 || total
---------------------------+-------+-------++-------
  Melee: War axe           |   108 |    36 ||   144
         Punch             |     1 |       ||     1
    Use: Potion            |       |     2 ||     2
 Armour: Scale mail        |    76 |     4 ||    80
         Troll leather arm |       |     9 ||     9
  Dodge: Dodged            |    73 |    24 ||    97
